HBL
DANVILLE DAIRY DADDIES @ JACKSONVILLE SUNS
07/01/1997
 
TOP OF THE 1ST
Danville Dairy Daddies batting - Pitching for Jacksonville Suns : RHP Clint Sodowsky
Pitching: RHP Clint Sodowsky
Batting: SHB Joey Cora 0-0: Ball
1-0: Ball
2-0: Ball
3-0: Called Strike
3-1: Base on Balls
Batting: LHB Midre Cummings 0-0: Called Strike
0-1: Ball
1-1: Foul Ball, location: 2F
1-2: Reached on error, E1 (Groundball, 13S, EV 70.0 MPH)
Joey Cora to second
Batting: RHB Danny Tartabull 0-0: Ball
1-0: Foul Ball, location: 2F
1-1: Swinging Strike
1-2: Ball
2-2: Strikes out swinging
Batting: RHB Mike Blowers 0-0: Called Strike
0-1: SINGLE (Line Drive, 9S, EV 101.9 MPH)
Joey Cora to third
Midre Cummings to second
Runner from 3rd tries for Home, SAFE, throw by RF to home
Batting: LHB Brant Brown 0-0: Ball
1-0: Fly out, F9 (Flyball, 9D, EV 95.0 MPH)
Batting: RHB Mike Stanley 0-0: DOUBLE (Line Drive, 7LM, EV 101.3 MPH)
Midre Cummings scores
Mike Blowers to third
Runner from 3rd tries for Home, SAFE, no throw by LF
Batting: RHB Kevin Polcovich 0-0: Foul Ball, location: 2F
0-1: Swinging Strike
0-2: Ball
1-2: Ball
2-2: Foul Ball, location: 2F
2-2: Foul Ball, location: 2F
2-2: Ball
3-2: Base on Balls
Batting: RHB Shawn Gilbert 0-0: Called Strike
0-1: Fielders Choice at 2nd, 6-4 (Groundball, 6, EV 101.3 MPH)
Top of the 1st over - 3 runs, 2 hits, 1 error, 2 left on base; Danville 3 - Jacksonville 0
BOTTOM OF THE 1ST
Jacksonville Suns batting - Pitching for Danville Dairy Daddies : RHP Roger Salkeld
Pitching: RHP Roger Salkeld
Batting: RHB Damon Buford 0-0: Ball
1-0: Ground out 1-3 (Groundball, 13S, EV 67.5 MPH)
Batting: RHB Chris Gomez 0-0: Ball
1-0: Called Strike
1-1: Foul Ball, location: 2F
1-2: Ball
2-2: Ground out 1-3 (Groundball, 34S, EV 91.9 MPH)
Batting: LHB Sean Casey 0-0: Ball
1-0: Ball
2-0: Ball
3-0: Base on Balls
Batting: RHB Ozzie Timmons 0-0: Ball
1-0: Ball
2-0: Called Strike
2-1: Ball
3-1: Base on Balls
Sean Casey to second
Batting: RHB Doug Mirabelli 0-0: Ball
1-0: Foul Ball, location: 2F
1-1: Foul Ball, location: 2F
1-2: SINGLE (Flyball, 89M, EV 88.8 MPH)
Sean Casey to third
Ozzie Timmons to second
Batting: RHB Angel Echevarria 0-0: Ball
1-0: Ground out 5-3 (Groundball, 56S, EV 87.5 MPH)
Bottom of the 1st over - 0 runs, 1 hit, 0 errors, 3 left on base; Danville 3 - Jacksonville 0
TOP OF THE 2ND
Danville Dairy Daddies batting - Pitching for Jacksonville Suns : RHP Clint Sodowsky
Batting: RHB Takahiro Ikeyama 0-0: Ball
1-0: Fly out, F9 (Flyball, 9, EV 90.6 MPH)
Batting: SHB Joey Cora 0-0: Ball
1-0: Swinging Strike
1-1: Foul Ball, location: 2F
1-2: Ball
2-2: Strikes out swinging
Batting: LHB Midre Cummings 0-0: Ball
1-0: Ball
2-0: Called Strike
2-1: Called Strike
2-2: Ground out 6-3 (Groundball, 56, EV 99.4 MPH)
Top of the 2nd over - 0 runs, 0 hits, 0 errors, 0 left on base; Danville 3 - Jacksonville 0
BOTTOM OF THE 2ND
Jacksonville Suns batting - Pitching for Danville Dairy Daddies : RHP Roger Salkeld
Batting: LHB Ryan McGuire 0-0: Ball
1-0: Ball
2-0: Ground out U3 (Groundball, 34S, EV 76.3 MPH)
Batting: RHB Jeff Reboulet 0-0: SINGLE (Line Drive, 4D, EV 96.3 MPH)
Batting: RHB Jorge Velandia 0-0: Ball
1-0: Grounds into double play, 6-4-3 (Groundball, 56, EV 111.9 MPH)
Bottom of the 2nd over - 0 runs, 1 hit, 0 errors, 0 left on base; Danville 3 - Jacksonville 0
TOP OF THE 3RD
Danville Dairy Daddies batting - Pitching for Jacksonville Suns : RHP Clint Sodowsky
Batting: RHB Danny Tartabull 0-0: Ball
1-0: Ground out 5-3 (Groundball, 5, EV 86.9 MPH)
Batting: RHB Mike Blowers 0-0: Called Strike
0-1: Fly out, F7 (Flyball, 7LM, EV 91.3 MPH)
Batting: LHB Brant Brown 0-0: Ground out 6-3 (Groundball, 6, EV 80.0 MPH)
Top of the 3rd over - 0 runs, 0 hits, 0 errors, 0 left on base; Danville 3 - Jacksonville 0
BOTTOM OF THE 3RD
Jacksonville Suns batting - Pitching for Danville Dairy Daddies : RHP Roger Salkeld
Batting: RHB Damon Buford 0-0: Called Strike
0-1: Ball
1-1: Called Strike
1-2: Ball
2-2: Strikes out swinging
Batting: RHB Chris Gomez 0-0: Ball
1-0: Ball
2-0: SINGLE (Line Drive, 78M, EV 100.6 MPH)
Batting: LHB Sean Casey 0-0: Called Strike
0-1: Swinging Strike
0-2: Strikes out swinging
Batting: RHB Ozzie Timmons 0-0: Swinging Strike
0-1: Called Strike
0-2: 2-RUN HOME RUN (Flyball, 7LD, EV 99.4 MPH), Distance : 352 ft
Batting: RHB Doug Mirabelli 0-0: Called Strike
0-1: SOLO HOME RUN (Flyball, 7LD, EV 115.0 MPH), Distance : 353 ft
Batting: RHB Angel Echevarria 0-0: Ball
1-0: Ground out 5-3 (Groundball, 56, EV 101.9 MPH)
Bottom of the 3rd over - 3 runs, 3 hits, 0 errors, 0 left on base; Danville 3 - Jacksonville 3
TOP OF THE 4TH
Danville Dairy Daddies batting - Pitching for Jacksonville Suns : RHP Clint Sodowsky
Batting: RHB Mike Stanley 0-0: Called Strike
0-1: Ball
1-1: Foul Ball, location: 2F
1-2: Strikes out swinging
Batting: RHB Kevin Polcovich 0-0: Foul Ball, location: 2F
0-1: Swinging Strike
0-2: Strikes out swinging
Batting: RHB Shawn Gilbert 0-0: Called Strike
0-1: Ball
1-1: SINGLE (Groundball, 6MD, EV 102.5 MPH)
Batting: RHB Takahiro Ikeyama 0-0: Called Strike
0-1: Fly out, F8 (Flyball, 8RD, EV 97.5 MPH)
Top of the 4th over - 0 runs, 1 hit, 0 errors, 1 left on base; Danville 3 - Jacksonville 3
BOTTOM OF THE 4TH
Jacksonville Suns batting - Pitching for Danville Dairy Daddies : RHP Roger Salkeld
Batting: LHB Ryan McGuire 0-0: Ball
1-0: Ground out 6-3 (Groundball, 6, EV 96.9 MPH)
Batting: RHB Jeff Reboulet 0-0: Called Strike
0-1: Called Strike
0-2: Strikes out swinging
Batting: RHB Jorge Velandia 0-0: DOUBLE (Flyball, 89XD, EV 114.4 MPH)
Batting: RHB Damon Buford 0-0: Ball
1-0: Ball
2-0: Called Strike
2-1: Ball
3-1: Swinging Strike
3-2: SINGLE (Groundball, 6MD, EV 108.8 MPH)
Jorge Velandia to third
Jorge Velandia scores
Batting: RHB Chris Gomez 0-0: Called Strike
0-1: Foul Ball, location: 2F
0-2: Ball
1-2: Ball
Damon Buford steals 2nd base
2-2: SINGLE (Line Drive, 7, EV 93.1 MPH)
Damon Buford to third
Batting: LHB Sean Casey 0-0: Ball
1-0: Ball
2-0: Called Strike
2-1: Fly out, F7 (Flyball, 7LS, EV 83.1 MPH)
Bottom of the 4th over - 1 run, 3 hits, 0 errors, 2 left on base; Danville 3 - Jacksonville 4
TOP OF THE 5TH
Danville Dairy Daddies batting - Pitching for Jacksonville Suns : RHP Clint Sodowsky
Batting: SHB Joey Cora 0-0: Ground out 6-3 (Groundball, 6, EV 87.5 MPH)
Batting: LHB Midre Cummings 0-0: Called Strike
0-1: Called Strike
0-2: Ball
1-2: Foul Ball, location: 2F
1-2: Foul Ball, location: 2F
1-2: Ball
2-2: Foul Ball, location: 2F
2-2: Foul Ball, location: 2F
2-2: Strikes out swinging
Batting: RHB Danny Tartabull 0-0: Ball
1-0: Ball
2-0: Ball
3-0: Foul Ball, location: 2F
3-1: Base on Balls
Batting: RHB Mike Blowers 0-0: Called Strike
0-1: Called Strike
0-2: DOUBLE (Line Drive, 8RXD, EV 106.9 MPH)
Danny Tartabull to third
Runner from 3rd tries for Home, SAFE, throw by CF to home
Batting: LHB Brant Brown 0-0: Fly out, F6 (Line Drive, 6, EV 64.4 MPH)
Top of the 5th over - 1 run, 1 hit, 0 errors, 1 left on base; Danville 4 - Jacksonville 4
BOTTOM OF THE 5TH
Jacksonville Suns batting - Pitching for Danville Dairy Daddies : RHP Roger Salkeld
Batting: RHB Ozzie Timmons 0-0: Foul Ball, location: 2F
0-1: Ball
1-1: SINGLE (Line Drive, 56D, EV 99.4 MPH)
Batting: RHB Doug Mirabelli 0-0: Ball
1-0: SINGLE (Line Drive, 6M, EV 98.1 MPH)
Ozzie Timmons to second
Batting: RHB Angel Echevarria 0-0: Ball
1-0: Ball
2-0: Ball
3-0: Base on Balls
Ozzie Timmons to third
Doug Mirabelli to second
Batting: LHB Ryan McGuire 0-0: Ground out 6-3 (Groundball, 6MD, EV 109.4 MPH)
Ozzie Timmons scores
Doug Mirabelli to third
Angel Echevarria to second
Batting: RHB Jeff Reboulet 0-0: Ball
1-0: Ball
2-0: Foul Ball, location: 2F
2-1: Ground out 5-3 (Groundball, 56, EV 106.3 MPH)
Doug Mirabelli scores
Pitching: RHP John Hope
Batting: RHB Jorge Velandia 0-0: Foul Ball, location: 2F
0-1: Ball
1-1: Foul Ball, location: 2F
1-2: Ground out 5-3 (Groundball, 56, EV 87.5 MPH)
Bottom of the 5th over - 2 runs, 2 hits, 0 errors, 1 left on base; Danville 4 - Jacksonville 6
TOP OF THE 6TH
Danville Dairy Daddies batting - Pitching for Jacksonville Suns : RHP Clint Sodowsky
Batting: RHB Mike Stanley 0-0: Foul Ball, location: 2F
0-1: Ball
1-1: Ground out 4-3 (Groundball, 4, EV 86.3 MPH)
Batting: RHB Kevin Polcovich 0-0: Called Strike
0-1: Fly out, F4 (Popup, 3S, EV 71.9 MPH)
Batting: RHB Shawn Gilbert 0-0: Fly out, F9 (Flyball, 9D, EV 108.1 MPH)
Top of the 6th over - 0 runs, 0 hits, 0 errors, 0 left on base; Danville 4 - Jacksonville 6
BOTTOM OF THE 6TH
Jacksonville Suns batting - Pitching for Danville Dairy Daddies : RHP John Hope
Batting: RHB Damon Buford 0-0: Ball
1-0: Ball
2-0: Ball
3-0: Called Strike
3-1: Foul Ball, location: 2F
3-2: Base on Balls
Batting: RHB Chris Gomez 0-0: Foul Ball, location: 2F
0-1: Ball
1-1: Ground out 5-3 (Groundball, 56S, EV 68.8 MPH)
Damon Buford to second
Batting: LHB Sean Casey 0-0: Called Strike
0-1: Ball
1-1: Ball
2-1: Foul Ball, location: 2F
2-2: SINGLE (Groundball, 6D, EV 95.0 MPH)
Damon Buford to third
Batting: RHB Ozzie Timmons 0-0: Ball
1-0: Ball
2-0: Ball
3-0: Base on Balls
Sean Casey to second
Batting: RHB Doug Mirabelli 0-0: Foul Ball, location: 2F
0-1: Ball
1-1: Foul Ball, location: 2F
1-2: Foul Ball, location: 2F
1-2: Foul Ball, location: 2F
1-2: Hit by Pitch
Damon Buford scores
Sean Casey to third
Ozzie Timmons to second
Batting: RHB Angel Echevarria 0-0: Called Strike
0-1: TRIPLE (Flyball, 78XD, EV 88.1 MPH)
Sean Casey scores
Ozzie Timmons scores
Doug Mirabelli scores
Pitching: LHP Ron Mahay
Batting: LHB Ryan McGuire 0-0: Ball
1-0: Ball
Wild Pitch!
Angel Echevarria scores
2-0: Swinging Strike
2-1: Ball
3-1: Base on Balls
Batting: RHB Jeff Reboulet 0-0: Ball
1-0: Foul Ball, location: 2F
1-1: Fly out, F8 (Line Drive, 8RM, EV 101.3 MPH)
Batting: RHB Jorge Velandia 0-0: Called Strike
0-1: Foul Ball, location: 2F
0-2: Ball
1-2: Ball
2-2: Ground out 6-3 (Groundball, 6S, EV 82.5 MPH)
Bottom of the 6th over - 5 runs, 2 hits, 0 errors, 1 left on base; Danville 4 - Jacksonville 11
TOP OF THE 7TH
Danville Dairy Daddies batting - Pitching for Jacksonville Suns : RHP Clint Sodowsky
Batting: RHB Takahiro Ikeyama 0-0: Swinging Strike
0-1: Ground out 6-3 (Groundball, 6S, EV 85.6 MPH)
Batting: SHB Joey Cora 0-0: Ball
1-0: Swinging Strike
1-1: Ball
2-1: Ball
3-1: Foul Ball, location: 2F
3-2: Strikes out swinging, 2-3 out at first.
Batting: LHB Midre Cummings 0-0: Ball
1-0: Swinging Strike
1-1: Ground out 4-3 (Groundball, 4, EV 81.3 MPH)
Top of the 7th over - 0 runs, 0 hits, 0 errors, 0 left on base; Danville 4 - Jacksonville 11
BOTTOM OF THE 7TH
Jacksonville Suns batting - Pitching for Danville Dairy Daddies : LHP Ron Mahay
Batting: RHB Damon Buford 0-0: Called Strike
0-1: DOUBLE (Flyball, 89XD, EV 90.6 MPH)
Batting: RHB Chris Gomez 0-0: Called Strike
0-1: Ball
1-1: Called Strike
1-2: Foul Ball, location: 2F
1-2: Fly out, F9 (Flyball, 9, EV 82.5 MPH)
Batting: LHB Sean Casey 0-0: Ball
1-0: Ball
2-0: Ball
3-0: Base on Balls
Batting: RHB Ozzie Timmons 0-0: Ball
1-0: Grounds into double play, 4-6-3 (Groundball, 4, EV 106.3 MPH)
Bottom of the 7th over - 0 runs, 1 hit, 0 errors, 1 left on base; Danville 4 - Jacksonville 11
TOP OF THE 8TH
Danville Dairy Daddies batting - Pitching for Jacksonville Suns : RHP Clint Sodowsky
Batting: RHB Danny Tartabull 0-0: Called Strike
0-1: Swinging Strike
0-2: Ball
1-2: Ball
2-2: SINGLE (Flyball, 8RS, EV 91.3 MPH)
Batting: RHB Mike Blowers 0-0: Ball
1-0: Called Strike
1-1: Foul Ball, location: 2F
1-2: Foul Ball, location: 2F
1-2: Foul Ball, location: 2F
1-2: Fly out, F8 (Line Drive, 8LD, EV 88.8 MPH)
Pitching: RHP Al Levine
Batting: LHB Brant Brown 0-0: Fielders Choice at 2nd, 3-6 (Groundball, 34, EV 103.1 MPH)
Batting: RHB Mike Stanley 0-0: Ball
1-0: Ball
2-0: Called Strike
2-1: Foul Ball, location: 2F
2-2: Strikes out swinging
Top of the 8th over - 0 runs, 1 hit, 0 errors, 1 left on base; Danville 4 - Jacksonville 11
BOTTOM OF THE 8TH
Jacksonville Suns batting - Pitching for Danville Dairy Daddies : LHP Ron Mahay
Batting: RHB Doug Mirabelli 0-0: Ground out 5-3 (Groundball, 56S, EV 73.8 MPH)
Batting: RHB Angel Echevarria 0-0: Called Strike
0-1: SOLO HOME RUN (Flyball, 7LD, EV 97.5 MPH), Distance : 328 ft
Batting: LHB Ryan McGuire 0-0: Ball
1-0: Ball
2-0: Foul Ball, location: 2F
2-1: Ball
3-1: Foul Ball, location: 2F
3-2: Base on Balls
Batting: RHB Jeff Reboulet 0-0: Ball
Wild Pitch!
Ryan McGuire to second
1-0: Ball
2-0: Ball
3-0: Base on Balls
Pitching: LHP Joe Crawford
Batting: RHB Jorge Velandia 0-0: Fly out, F9 (Flyball, 9D, EV 85.0 MPH)
Batting: RHB Damon Buford 0-0: Called Strike
0-1: Ball
1-1: Fly out, F9 (Flyball, 9LM, EV 88.1 MPH)
Bottom of the 8th over - 1 run, 1 hit, 0 errors, 2 left on base; Danville 4 - Jacksonville 12
TOP OF THE 9TH
Danville Dairy Daddies batting - Pitching for Jacksonville Suns : RHP Al Levine
Batting: RHB Kevin Polcovich 0-0: Ball
1-0: Called Strike
1-1: Ball
2-1: Foul Ball, location: 2F
2-2: Strikes out swinging
Batting: RHB Shawn Gilbert 0-0: Fly out, F8 (Flyball, 89S, EV 94.4 MPH)
Batting: RHB Takahiro Ikeyama 0-0: Ball
1-0: Ball
2-0: Ball
3-0: Called Strike
3-1: Called Strike
3-2: SINGLE (Line Drive, 9S, EV 104.4 MPH)
Batting: SHB Joey Cora 0-0: Fly out, F9 (Flyball, 9D, EV 96.3 MPH)
Top of the 9th over - 0 runs, 1 hit, 0 errors, 1 left on base; Danville 4 - Jacksonville 12
Wednesday, March 4th, 2026 - OOTP Baseball 20.8 Build 74